 Dungeon Crawl Stone Soup version 0.32-a0-643-ga006e7742e (webtiles) character file.

Game seed: 7062580900408695135

2192 jasper the Martial Artist (level 9, -4/71 HPs)
             Began as a Merfolk Shapeshifter on Mar 7, 2024.
             Was a Follower of Okawaru.
             Slain by a gnoll
             ... wielding a +0 whip
             ... led by a gnoll bouda
              (7 damage)
             ... on level 7 of the Dungeon.
             The game lasted 00:10:48 (8235 turns).

jasper the Martial Artist (Merfolk Shapeshifter)    Turns: 8235, Time: 00:10:49

Health: -4/71      AC:  0    Str: 15    XL:     9   Next: 33%
Magic:  9/9        EV: 20    Int:  9    God:    Okawaru [*.....]
Gold:   259        SH:  0    Dex: 17    Spells: 6/8 levels left

rFire   . .          .
                       - Unarmed
rCold   . . .        (shield currently unavailable)
rNeg    . . .        j - melded +0 leather armour
rPois   .            (no helmet)
rElec   .            (no cloak)
rCorr   .            (no gloves)
SInv    .            (no boots)
Will    .....        (no amulet)
Stlth   +            b - ring of wizardry
HPRegen 0.31/turn    (no ring)
MPRegen 0.11/turn

%: wizardry (x1)
@: flux-form, weakened, hasted, glowing, very quick
A: glow, contaminating, (nimble swimmer 2), mertail
a: Begin Untransformation, Renounce Religion, Heroism


You were on level 7 of the Dungeon.
You worshipped Okawaru.
Okawaru was aware of your devotion.
You were something dangerously unstable.
You visited 2 branches of the dungeon, and saw 8 of its levels.
You also visited: Sewer.

You collected 259 gold pieces.

Inventory:

Hand Weapons
 q - a +1 whip of draining
Missiles
 i - 44 stones
 k - 8 curare-tipped darts
 v - 19 poisoned darts (quivered)
Armour
 a - a +0 animal skin
 e - a +0 buckler
 j - a +0 leather armour (melded)
Jewellery
 b - a ring of wizardry (left hand)
Talismans
 c - a beast talisman
 d - a flux talisman (active)
Scrolls
 s - a scroll of fear
 w - 2 scrolls of immolation
Potions
 f - a potion of attraction
 h - 2 potions of invisibility
 n - 4 potions of mutation
 p - a potion of brilliance
 r - 2 potions of resistance
 t - a potion of haste
 u - a potion of might {unknown}


   Skills:
 + Level 6.4 Fighting
 + Level 8.2 Dodging
 * Level 8.5 Unarmed Combat
 - Level 7.2 Shapeshifting


You had 6 spell levels left.
You knew the following spells:

 Your Spells              Type           Power      Damage    Failure   Level
a - Blink                 Tloc           0%         N/A       24%         2

Your spell library contained the following spells:

 Spells                   Type           Power      Damage    Failure   Level
 Magic Dart               Conj           0%         1d3       16%         1
 Sublimation of Blood     Necr           0%         N/A       24%         2
 Fugue of the Fallen      Necr           0%         N/A       43%         3
 Ozocubu's Armour         Ice            0%         N/A       43%         3
 Volatile Blastmotes      Fire/Tloc      0%         2d10      43%         3
 Fulminant Prism          Conj/Alch      0%         3d5       82%         4
 Iskenderun's Mystic Bla  Conj/Tloc      0%         2d3       82%         4
 Manifold Assault         Tloc           0%         N/A       82%         4
 Petrify                  Alch/Erth      0%         N/A       82%         4
 Irradiate                Conj/Alch      0%         3d11      98%         5
 Ozocubu's Refrigeration  Ice            0%         4d7       100%        7
 Polar Vortex             Ice            0%         N/A       100%        9
 Call Imp                 Summ           Unusable   N/A       N/A         2
 Sculpt Simulacrum        Ice/Alch       Unusable   N/A       N/A         6

Dungeon Overview and Level Annotations

Branches:
Dungeon (7/15)             Temple (1/1) D:6           Sewer (visited)

Altars:
Ashenzari
Cheibriados
Dithmenos
Elyvilon
Fedhas
Gozag
Hepliaklqana
Kikubaaqudgha
Makhleb
Nemelex Xobeh
Okawaru
Qazlal
Ru
Sif Muna
Trog
Uskayaw
Vehumet
Wu Jian
Xom
Yredelemnul
Zin
The Shining One

Annotations:
D:7 Jeremiah


Innate Abilities, Weirdness & Mutations

You are something dangerously unstable.
You glow with magical radiation, making you easy to see and hit.
Foes you strike become dangerously contaminated with magical radiation.
You are incapable of wielding weapons or throwing items.
((You are very nimble when in or above water. (Stealth+, EV+, Speed+++)))
Your lower body shifts to a powerful aquatic tail in water.


Message History

The gnoll is almost dead.
The gnoll bouda barks out a call to the hunt!
The gnoll picks up the pace!
You hit the gnoll but do no damage.
The gnoll shudders as magic cascades through it!
You kill the gnoll!
Okawaru accepts your kill. The gnoll closely misses you.
The gnoll barely misses you.
Things that are here:
a +0 flail; a gnoll corpse You punch the gnoll!
The gnoll begins to glow.
The gnoll is heavily wounded.
The gnoll hits you with a +0 halberd!
* * * LOW HITPOINT WARNING * * *
You take 15 damage, and have 9/71 hp.
MASSIVE DAMAGE!!
You barely miss the gnoll.
The gnoll is heavily wounded.
The gnoll closely misses you.
You hit the gnoll but do no damage.
The gnoll glows dangerously bright.
The gnoll is heavily wounded.
The gnoll hits you with a +0 halberd!
* * * LOW HITPOINT WARNING * * *
You take 7 damage, and have 2/71 hp.
You hit the gnoll.
The gnoll shudders as magic cascades through it!!
You kill the gnoll!
Okawaru accepts your kill.
The gnoll is no longer moving quickly.
The gnoll bouda barks out a call to the hunt!
The gnoll picks up the pace!
You feel yourself speed up.
You hear the steady creaking of a portcullis nearby.
The gnoll misses you.
You barely miss the gnoll.
The gnoll bouda gazes fiercely through you!
You feel your attacks grow feeble.
You hit the gnoll but do no damage.
The gnoll begins to glow.
The gnoll hits you with a +0 whip!
You die...

## ##. .# ..#.. ##
#... #### .. ... ..#
.# #.# #.# .#
#.####.#######.#
.####.........ggp..#
.gg....###.#########
.####.## #.# #...
... ######..# #..#
#..# #..#


You could see a gnoll bouda and a gnoll (swift, contam).

Vanquished Creatures
  Grinder (D:5)
  4 water moccasins
  An ice beast (D:5)
  2 centaurs
  2 phantoms
  4 kobold brigands
  2 bullfrogs (D:7)
  A howler monkey (D:6)
  4 bombardier beetles
  2 orc priests
  3 hounds
  2 jellies
  2 sleepcaps
  An iguana (D:5)
  An orc wizard (D:6)
  2 gnolls (D:7)
  11 adders
  A white imp (D:5)
  9 ribbon worms (Sewer)
  A dart slug (D:2)
  16 orcs
  4 bats
  6 endoplasms
  5 giant cockroaches
  7 goblins
  7 hobgoblins
  6 jackals
  3 quokkas
  10 ball pythons
  21 kobolds
  15 rats
156 creatures vanquished.

Notes
Turn   | Place    | Note
-------+----------+-------------------------------------------
     0 | D:1      | jasper the Merfolk Shapeshifter began the quest for the
                  | Orb.
     0 | D:1      | Reached XP level 1. HP: 15/15 MP: 1/1
   180 | D:1      | Reached XP level 2. HP: 21/21 MP: 2/2
   859 | D:2      | Reached XP level 3. HP: 26/26 MP: 3/3
  1038 | D:2      | Identified the +4 long sword of Tenacity {pain, rF+}
  1079 | D:2      | Reached skill level 5 in Unarmed Combat
  1208 | D:2      | Reached XP level 4. HP: 24/32 MP: 4/4
  2409 | D:3      | Found a glowing drain.
  2426 | D:3      | Reached XP level 5. HP: 12/37 MP: 5/5
  2430 | Sewer    | Entered a sewer
  2581 | Sewer    | Noticed a kobold brigand
  2581 | Sewer    | Noticed a kobold brigand
  2594 | Sewer    | Killed a kobold brigand
  2601 | Sewer    | Killed a kobold brigand
  2602 | Sewer    | Reached XP level 6. HP: 42/46 MP: 6/6
  3139 | Sewer    | Reached skill level 5 in Dodging
  3696 | D:4      | Reached XP level 7. HP: 47/53 MP: 7/7
  4762 | D:4      | Reached skill level 5 in Fighting
  5013 | D:4      | Found a snail-covered altar of Cheibriados.
  5022 | D:4      | Found a shimmering blue altar of Sif Muna.
  5219 | D:5      | Entered Level 5 of the Dungeon
  5402 | D:5      | Found a bloodstained altar of Trog.
  5403 | D:5      | Found an opulent altar of Gozag.
  5430 | D:5      | Noticed Grinder
  5446 | D:5      | Paralysed by Grinder for 5 turns
  5452 | D:5      | Killed Grinder
  5453 | D:5      | Reached skill level 5 in Shapeshifting
  5453 | D:5      | Reached XP level 8. HP: 30/62 MP: 8/8
  6689 | D:6      | Found a staircase to the Ecumenical Temple.
  6713 | Temple   | Entered the Ecumenical Temple
  6721 | Temple   | Became a worshipper of Warmaster Okawaru
  6802 | D:6      | Learned a level 2 spell: Blink
  7107 | D:6      | Reached XP level 9. HP: 51/69 MP: 9/9
  7870 | D:7      | Reached * piety under Okawaru
  8140 | D:7      | Noticed Jeremiah
  8231 | D:7      | HP: 2/71 [gnoll/+0 halberd[a gnoll bouda] (8)]
  8235 | D:7      | Slain by a gnoll

Illustrated notes

Levels and vault maps discovered:
D:1:      sevenhm_arrival_forest_fort_large_3, layout_basic, nrook_mini_vaults,
          minmay_tetromino_l2
D:2:      minmay_angry_zag, layout_loops_corners, minmay_rat_gold_closets
D:3:      layout_basic, portal_sewer_entry_b, nicolae_eternal_life
D:4:      layout_layer_cave, mainiacjoe_overflow_swirl
D:5:      layout_basic, mainiacjoe_overflow_divided_tiny, uniq_grinder
D:6:      layout_gridville, minmay_temple_entry_crystal_x,
          nicolae_twisty_statue_hallways
D:7:      layout_loops_ring, enter_bailey_2, uniq_jeremiah, uniq_maggie,
          uniq_joseph
Temple:   hc_temple_tempest_star

Skill      XL: |  1  2  3  4  5  6  7  8  9 |
---------------+----------------------------+-----
Unarmed Combat | 4 5 6 7 8 |  8.5
Fighting       | 2 3 5 6 |  6.4
Dodging        | 4 5 6 7 8 |  8.2
Shapeshifting  | 5 7 |  7.2

Action                     |  1- 3 |  4- 6 |  7- 9 || total
---------------------------+-------+-------+-------++-------
  Melee: Unarmed           |    81 |   150 |   256 ||   487
         Punch             |     3 |     9 |     4 ||    16
         Tailslap          |       |    12 |       ||    12
  Throw: Stone             |     1 |     1 |       ||     2
    Use: Scroll            |     3 |       |    18 ||    21
         Potion            |       |       |     7 ||     7
   Stab: Sleeping          |     3 |     5 |     1 ||     9
 Armour: Animal skin       |    11 |       |       ||    11
         Leather armour    |    26 |    64 |    43 ||   133
         Skin              |       |       |   106 ||   106
  Dodge: Dodged            |    50 |    92 |   169 ||   311
   Form: Flux              |       |       |     1 ||     1

Table legend: (Time is in decaauts)
 A = Elapsed time spent in this place.
 B = Non-inter-level travel time spent in this place.
 C = Inter-level travel time spent in this place.
 D = Time resting spent in this place.
 E = Time spent auto-exploring this place.
 F = Levels seen in this place.
 G = Mean time per level.
                   A        B        C        D        E       F      G
               +--------+--------+--------+--------+--------+-----+--------+
         Total |   8024 |   7855 |    169 |     98 |   6400 |   9 |  891.6 |
       Dungeon |   7319 |   7161 |    158 |     98 |   5897 |   7 | 1045.6 |
        Temple |     14 |      3 |     11 |      0 |      0 |   1 |   14.0 |
         Sewer |    691 |    691 |      0 |      0 |    502 |   1 |  691.0 |
               +--------+--------+--------+--------+--------+-----+--------+

Top non-repeatable levels by time:
     D:4: 1540 daAuts
     D:5: 1360 daAuts
     D:6: 1203 daAuts
     D:2: 1091 daAuts
     D:3: 867 daAuts
     D:1: 850 daAuts
   Sewer: 691 daAuts
     D:7: 406 daAuts
  Temple: 14 daAuts
